 Dungeon Crawl Stone Soup version 0.20.0-15-g7f486f2 (webtiles) character file.

125 vishdafish the Shield-Bearer (level 5, -7/33 HPs)
             Began as a Gargoyle Fighter on June 19, 2017.
             Mangled by a goblin
             ... wielding a +0 dagger of distortion
              (19 damage)
             ... on level 3 of the Dungeon.
             The game lasted 00:03:51 (1472 turns).

vishdafish the Shield-Bearer (Gargoyle Fighter)     Turns: 1472, Time: 00:03:52

Health: -7/33      AC: 13    Str: 20    XL:     5   Next: 9%
Magic:  5/5        EV:  7    Int:  9    God:
Gold:   47         SH:  9    Dex:  9    Spells: 4/4 levels left

rFire    . . .     SeeInvis +   a - +0 flail
rCold    . . .     Gourm    .   c - +0 shield
rNeg     + . .     Faith    .   b - +0 scale mail
rPois    ∞         Spirit   .   h - +0 helmet {SInv}
rElec    +         Reflect  .   (no cloak)
rCorr    .         Harm     .   n - +0 pair of gloves
MR       .....                  (no boots)
Stlth    ..........             (no amulet)
Regen    0.2/turn               (no ring)
MPRegen  0.1/turn               (no ring)

@: no status effects
A: negative energy resistance 1, electricity resistance, unbreathing,
petrification resistance, rot immunity, AC +4
a: no special abilities


You were on level 3 of the Dungeon.
You were not hungry.

You visited 1 branch of the dungeon, and saw 3 of its levels.

You collected 47 gold pieces.

Inventory:

Hand Weapons
 a - a +0 flail (weapon)
Armour
 b - a +0 scale mail (worn)
 c - a +0 shield (worn)
 h - a +0 helmet of see invisible (worn)
 n - a +0 pair of gloves (worn)
 r - a +0 plate armour
Jewellery
 e - an uncursed ring of flight {unknown}
 l - a +3 amulet of reflection {unknown}
Scrolls
 g - 3 scrolls of enchant weapon {unknown}
 i - a scroll of teleportation {unknown}
 o - 2 scrolls of enchant armour {unknown}
 p - a scroll of remove curse {unknown}
Potions
 d - 2 potions of might
Comestibles
 f - 2 bread rations


   Skills:
 + Level 4.0 Fighting
 + Level 3.0 Maces & Flails
 + Level 3.7 Armour
 + Level 0.4 Dodging
 + Level 0.2 Stealth
 + Level 4.6 Shields


You had 4 spell levels left.
You didn't know any spells.

Dungeon Overview and Level Annotations

Branches:
Dungeon (3/15)

Altars:
Fedhas
Uskayaw


Innate Abilities, Weirdness & Mutations

You are resistant to torment.
Your stone body is resilient. (AC +4)
You are immune to poison.
You resist negative energy. (rN+)
You are resistant to electric shocks. (rElec)
You can survive without breathing.
You are immune to petrification.
You are immune to rotting.


Message History

The frilled lizard bites you but does no damage.
You closely miss the frilled lizard. The frilled lizard barely misses you.
The frilled lizard bites you but does no damage.
You hit the frilled lizard.
You kill the frilled lizard!
You now have 47 gold pieces (gained 7).
You start resting.
You are starting to lose your buoyancy.
You start resting.
You float gracefully downwards.
You start resting.
The goblin shouts!
Things that are here:
a dagger x2; a goblin corpse Your shield and scale mail prevent you from hitting the goblin.
You block the goblin's attack. x2
You barely miss the goblin. The goblin hits you but does no damage.
Space warps horribly around you!
Ouch! That really hurt!
You die...

..#
#.......#..%##
..# #...?...'...#
..#
#.......#.#.##
###
#.......#....#
####....##...#
#....##...#
#.........#
#g....#...#
#@.............
###)†...##..>....
#...!............
#................
#............####
#....(.".....#
#............#
#........%.
###########


You could see a goblin.

Vanquished Creatures
  5 adders
  2 oozes
  2 worms (D:2)
  A dart slug (D:1)
  2 leopard geckos (D:3)
  4 orcs (D:3)
  5 bats
  A giant cockroach (D:3)
  10 goblins
  4 hobgoblins
  7 jackals
  2 quokkas
  4 frilled lizards
  5 kobolds
  2 rats
56 creatures vanquished.

Notes
Turn   | Place    | Note
-------+----------+-------------------------------------------
     0 | D:1      | vishdafish the Gargoyle Fighter began the quest for the Orb.
     0 | D:1      | Reached XP level 1. HP: 14/14 MP: 1/1
    84 | D:1      | Reached XP level 2. HP: 19/19 MP: 2/2
   506 | D:2      | Reached XP level 3. HP: 24/24 MP: 3/3
   778 | D:2      | Reached XP level 4. HP: 26/29 MP: 4/4
  1234 | D:3      | Found a blossoming altar of Fedhas.
  1369 | D:3      | Found a hide-covered altar of Uskayaw.
  1409 | D:3      | Reached XP level 5. HP: 6/33 MP: 5/5
  1472 | D:3      | Mangled by a goblin

Skill      XL: |  1  2  3  4  5 |
---------------+----------------+-----
Shields        | 4 |  4.6
Maces & Flails | 3 |  3.0
Fighting       | 4 |  4.0
Armour         | |  3.7
Dodging        | |  0.4
Stealth        | |  0.2

Action                   |  1- 3 |  4- 6 || total
-------------------------+-------+-------++-------
Melee: Flail             |   100 |   139 ||   239
  Use: Potion            |       |     3 ||     3
  Eat: Meat ration       |       |     1 ||     1
Armor: Scale mail        |    72 |   219 ||   291
Dodge: Dodged            |    35 |   141 ||   176
Block: Shield            |    45 |   198 ||   243
